Map: King Sejong Station LE

Players

Neeb

  • Race: Protoss Protoss
  • League: Diamond

uThermal - Winner!

  • Race: Terran Terran
  • League: Gold

Event: IEM Season 11 - Shanghai

VOD

Have the link to the VOD?

Description

Time

  • Played on: July 30, 2016, 6:37 a.m.
  • Length: 8:24

All games in this series

Show
View Real Time Build Order
Export as new Build Order

Neeb Protoss 

Build Orders: 1 Gate Expand, Dark Templar Rush 

Get SALT Encoding   

  12  0:01  Probe (Chrono Boost)  
  13  0:11  Probe (Chrono Boost)  
  14  0:19  Pylon  
  14  0:22  Probe (Chrono Boost)  
  15  0:37  Probe (Chrono Boost), Gateway  
  16  0:48  Probe (Chrono Boost)  
  17  0:53  Assimilator  
  17  0:58  Probe (Chrono Boost)  
  18  1:09  Probe (Chrono Boost)  
  19  1:20  Nexus  
  19  1:23  Probe (Chrono Boost)  
  20  1:32  Cybernetics Core  
  20  1:35  Probe (Chrono Boost)  
  21  1:42  Assimilator  
  21  1:46  Probe (Chrono Boost)  
  22  1:50  Pylon  
  22  1:56  Probe (Chrono Boost)  
  23  2:05  Adept  
  24  2:08  Warp Gate  
  24  2:10  Probe (Chrono Boost)  
  26  2:22  Probe (Chrono Boost)  
  27  2:32  Probe (Chrono Boost)  
  27  2:33  Probe (Chrono Boost), Adept  
  30  2:43  Probe (Chrono Boost)  
  33  2:44  Mothership Core (Chrono Boost)  
  33  2:48  Robotics Facility  
  33  2:53  Probe (Chrono Boost)  
  34  3:03  Probe (Chrono Boost)  
  34  3:04  Probe (Chrono Boost)  
  36  3:06  Twilight Council  
  36  3:13  Probe (Chrono Boost)  
  36  3:14  Probe (Chrono Boost)  
  36  3:15  Adept  
  40  3:21  Pylon  
  40  3:24  Probe (Chrono Boost)  
  40  3:25  Probe (Chrono Boost)  
  42  3:31  Warp Prism  
  42  3:34  Probe (Chrono Boost)  
  42  3:37  Probe (Chrono Boost)  
  46  3:45  Dark Shrine, Probe (Chrono Boost)  
  48  3:49  Probe (Chrono Boost)  
  49  3:55  Probe (Chrono Boost)  
  49  3:58  Gateway  
  49  4:00  Gateway  
  49  4:01  Probe (Chrono Boost)  
  50  4:06  Probe (Chrono Boost), Observer, Assimilator  
  50  4:09  Pylon  
  52  4:11  Assimilator  
  52  4:13  Probe (Chrono Boost)  
  52  4:16  Probe (Chrono Boost)  
  54  4:26  Probe (Chrono Boost)  
  54  4:27  Observer  
  54  4:28  Probe (Chrono Boost)  
  56  4:38  Pylon, Probe (Chrono Boost)  
  57  4:40  Stalker  
  57  4:41  Probe (Chrono Boost)  
  60  4:47  Pylon  
  60  4:48  Pylon  
  60  4:57  Dark Templar x2  
  60  4:59  Probe (Chrono Boost)  
  65  5:00  Probe (Chrono Boost)  
  62  5:09  Pylon  
  62  5:11  Probe (Chrono Boost)  
  64  5:14  Probe (Chrono Boost)  
  64  5:16  Blink  
  64  5:22  Nexus  
  63  5:30  Stalker x2  
  64  5:38  Stalker  
  64  5:40  Probe (Chrono Boost)  
  63  5:48  Probe (Chrono Boost)  
  64  5:57  Stalker  
  64  5:59  Stalker  
  68  6:10  Probe (Chrono Boost)  
  64  6:11  Probe (Chrono Boost)  
  58  6:21  Probe (Chrono Boost)  
  58  6:22  Stalker  
  58  6:23  Pylon  
  61  6:26  Stalker  
  61  6:30  Probe (Chrono Boost)  
  65  6:33  Probe (Chrono Boost)  
  65  6:34  Immortal  
  65  6:37  Probe (Chrono Boost)  
  70  6:42  Probe (Chrono Boost)  
  70  6:45  Probe (Chrono Boost), Sentry  
  73  6:55  Stalker  
  68  7:01  Stalker  
  68  7:02  Probe x2 (Chrono Boost)  
  68  7:06  Probe (Chrono Boost)  
  71  7:14  Probe x2 (Chrono Boost)  
  73  7:16  Probe (Chrono Boost)  
  74  7:26  Probe x2 (Chrono Boost)  
  76  7:33  Immortal  
  76  7:35  Probe (Chrono Boost)  
  78  7:38  Probe (Chrono Boost)  
  78  7:42  Probe (Chrono Boost)  
  83  7:46  Probe (Chrono Boost)  
  83  7:50  Probe (Chrono Boost)  
  85  7:54  Probe (Chrono Boost), Sentry x2  
  85  7:56  Probe (Chrono Boost)  
  85  7:57  Stalker  
  89  8:02  Gateway  
  89  8:03  Probe (Chrono Boost), Gateway  
  89  8:05  Gateway  
Show
View Real Time Build Order
Export as new Build Order

uThermal Terran - Winner!

Build Orders: Liberator Opening, Reaper Expand, MMM Bio 

Get SALT Encoding   

  12  0:01  SCV  
  13  0:13  SCV  
  14  0:18  Supply Depot  
  14  0:25  SCV  
  15  0:39  SCV  
  15  0:41  Barracks  
  16  0:44  Refinery  
  16  0:51  SCV  
  17  1:04  SCV  
  18  1:16  SCV  
  19  1:28  Orbital Command, Reaper  
  20  1:46  Command Center  
  20  1:51  Supply Depot  
  20  1:55  SCV  
  20  2:00  Marine  
  22  2:07  Factory  
  22  2:11  SCV  
  23  2:16  Refinery  
  23  2:20  Marine  
  24  2:23  SCV  
  25  2:35  SCV  
  27  2:46  Barracks Reactor  
  27  2:47  SCV  
  27  2:52  Starport  
  27  2:55  Widow Mine  
  29  2:58  Orbital Command  
  29  2:59  SCV  
  30  3:11  SCV  
  31  3:17  Barracks  
  31  3:19  Barracks  
  31  3:23  SCV  
  31  3:25  SCV  
  33  3:28  Medivac, Widow Mine  
  33  3:30  Marine  
  33  3:31  Marine  
  39  3:40  SCV, Supply Depot  
  41  3:41  SCV  
  41  3:45  Liberator  
  40  3:50  Engineering Bay  
  40  3:52  SCV  
  40  3:53  SCV  
  40  3:55  Marine x2  
  46  4:08  Supply Depot  
  46  4:11  Barracks Tech Lab  
  46  4:12  SCV x2  
  46  4:16  Marine  
  49  4:18  Marine  
  49  4:23  Marine  
  51  4:24  SCV x2  
  51  4:33  Bunker  
  51  4:34  Stimpack  
  51  4:35  Liberator  
  51  4:36  SCV x2  
  53  4:40  Missile Turret  
  53  4:42  Missile Turret  
  53  4:44  Widow Mine  
  58  4:54  Marine  
  58  4:58  Marine  
  58  4:59  Supply Depot  
  58  5:04  SCV  
  58  5:06  Supply Depot  
  59  5:09  Marine  
  59  5:12  Marauder  
  62  5:16  SCV  
  62  5:17  Widow Mine  
  62  5:18  SCV  
  60  5:26  Marine x2  
  62  5:28  SCV  
  62  5:30  SCV  
  64  5:37  Liberator  
  64  5:40  SCV  
  64  5:41  Marine  
  64  5:43  SCV  
  64  5:46  Widow Mine  
  64  5:49  Marauder, Marine  
  67  5:52  SCV  
  67  5:53  Missile Turret  
  67  5:55  SCV  
  72  6:01  Marine x2  
  74  6:06  SCV  
  74  6:11  Marauder  
  74  6:21  Barracks, Widow Mine  
  74  6:22  Starport, SCV  
  74  6:23  SCV  
  78  6:26  Refinery x2  
  78  6:27  Terran Infantry Weapons Level 1, Supply Depot  
  78  6:33  Barracks Tech Lab  
  78  6:41  Combat Shields, Marine  
  78  6:48  SCV  
  78  6:49  Marauder  
  78  6:50  SCV, Marine  
  78  6:51  Supply Depot  
  78  6:52  Marine  
  84  6:59  Marine  
  84  7:00  SCV, Liberator  
  86  7:09  Supply Depot  
  86  7:11  Supply Depot  
  86  7:12  Starport Reactor  
  86  7:13  Marine, Marauder x2  
  94  7:23  Marine  
  94  7:28  Marine  
  89  7:31  Marine  
  89  7:34  Marauder x2  
  89  7:36  Widow Mine  
  96  7:38  Supply Depot  
  96  7:41  Marine  
  97  7:46  Marine  
  97  7:47  Supply Depot  
  97  7:49  Marine  
  97  7:51  Medivac  
  101  7:53  Medivac  
  101  7:56  Marauder x2  
  107  7:59  Marine  
  107  8:04  SCV  
  111  8:12  Supply Depot  

Tags
 
Add a new tag
Caveats
  • Supply blocks, unpowered buildings, or Contaminate may cause inaccurate times.
  • Supply counts are checked every 10 seconds.